 Dungeon Crawl Stone Soup version 0.24.0-123-gd5b16e6ec5 (webtiles) character file.

Game seed: 17125364372306641291, levelgen mode: deterministic

133 Braveman the Covered (level 5, 0/33 HPs)
             Began as a Gargoyle Fighter on Feb 10, 2020.
             Slain by Sigmund
             ... wielding a +0 scythe
              (1 damage)
             ... on level 3 of the Dungeon.
             The game lasted 00:27:57 (2257 turns).

Braveman the Covered (Gargoyle Fighter)             Turns: 2257, Time: 00:27:58

Health: 0/33       AC: 11    Str: 20    XL:     5   Next: 16%
Magic:  5/5        EV:  7    Int:  9    God:
Gold:   147        SH:  0    Dex:  9    Spells: 4/4 levels left

rFire    . . .     SeeInvis .   a - +0 long sword
rCold    . . .     Gourm    .   c - +0 shield
rNeg     + . .     Faith    .   b - +0 scale mail
rPois    ∞         Spirit   .   (no helmet)
rElec    +         Reflect  .   (no cloak)
rCorr    .         Harm     .   (no gloves)
MR       .....                  (no boots)
Stlth    ..........             (no amulet)
HPRegen  0.11/turn              (no ring)
MPRegen  0.09/turn              (no ring)

@: confused
A: negative energy resistance 1, electricity resistance, unbreathing,
petrification resistance, rot immunity, AC +4
a: no special abilities


You were on level 3 of the Dungeon.
You were not hungry.

You visited 1 branch of the dungeon, and saw 3 of its levels.

You collected 147 gold pieces.

Inventory:

Hand Weapons
 a - a +0 long sword (weapon)
Armour
 b - a +0 scale mail (worn)
 c - a +0 shield (worn)
Jewellery
 n - an uncursed ring of stealth {unknown}
Scrolls
 h - a scroll of remove curse {unknown}
 j - 4 scrolls of identify {unknown}
 k - a scroll of noise {unknown}
 l - 3 scrolls of teleportation {unknown}
 r - a scroll of amnesia {unknown}
Potions
 d - a potion of might
 g - 3 potions of heal wounds {unknown}
 i - a potion of haste {unknown}
 m - a potion of mutation {unknown}
 o - a potion of brilliance {unknown}
 p - a potion of ambrosia {unknown}
 q - a potion of flight {unknown}
Comestibles
 f - 5 rations


   Skills:
 + Level 4.1 Fighting
 + Level 2.9 Long Blades
 + Level 4.3 Armour
 + Level 0.1 Dodging
 + Level 0.1 Stealth
 + Level 3.9 Shields


You had 4 spell levels left.
You didn't know any spells.
Your spell library was empty.

Dungeon Overview and Level Annotations

Branches:
Dungeon (3/15)

Altars:

Annotations:
D:3 Sigmund


Innate Abilities, Weirdness & Mutations

You are resistant to torment.
Your stone body is resilient. (AC +4)
You are immune to poison.
You resist negative energy. (rN+)
You are resistant to electric shocks. (rElec)
You can survive without breathing.
You are immune to petrification.
You are immune to rotting.


Message History

Deactivating autopickup; reactivate with Ctrl-A.
There is a stone staircase leading up here.
There are no items here.
You hear some strange, mumbled words.
You are confused.
You climb upwards.
Reactivating autopickup.
There is a stone staircase leading down here.
In your confused state, you trip and fall down the stairs.
* * * LOW HITPOINT WARNING * * *
You climb downwards.
Level annotation: Sigmund A puff of flame appears from out of thin air!
Deactivating autopickup; reactivate with Ctrl-A.
The puff of flame hits you.
* * * LOW HITPOINT WARNING * * *
There is a stone staircase leading up here.
You can't go down here!
Something hits you.
You die...

#.......## ####?.
#.........###.....
#.........##..$..
#.[...♣P≈≈.#....# .
#.....≈≈≈≈P.....##.
#......≈P≈.........
.#####...........#....#.
........!.......##...#..
#.@..........%....#
#.....!...#.###..##
#########...# #.###
#..†###.##. #..........
#.....#..## #........#
#.....#..♣P #....##..≈.


There were no monsters in sight!

Vanquished Creatures
  Jessica (D:2)
  Terence (D:2)
  3 adders (D:2)
  An ooze (D:2)
  A worm (D:2)
  2 dart slugs
  3 leopard geckos
  4 giant cockroaches (D:1)
  6 goblins
  2 hobgoblins
  6 kobolds
  A ball python (D:1)
  4 bats
  3 frilled lizards (D:1)
  8 rats
46 creatures vanquished.

Notes
Turn   | Place    | Note
-------+----------+-------------------------------------------
     0 | D:1      | Braveman the Gargoyle Fighter began the quest for the Orb.
     0 | D:1      | Reached XP level 1. HP: 14/14 MP: 1/1
   134 | D:1      | Reached XP level 2. HP: 19/19 MP: 2/2
   817 | D:1      | Reached XP level 3. HP: 19/23 MP: 3/3
  1150 | D:1      | oio
  1570 | D:2      | Noticed Terence
  1584 | D:2      | Killed Terence
  1584 | D:2      | Reached XP level 4. HP: 23/29 MP: 4/4
  1674 | D:2      | Noticed Jessica
  1701 | D:2      | Killed Jessica
  1701 | D:2      | Reached XP level 5. HP: 24/33 MP: 5/5
  2138 | D:3      | Noticed Sigmund
  2242 | D:3      | HP: 1/33 [Sigmund/+0 scythe (9)]
  2256 | D:3      | HP: 1/33 [something/puff of flame (1)]
  2257 | D:3      | Slain by Sigmund

Levels and vault maps discovered:
D:1:      minmay_arrival_open_corners, layout_basic
D:2:      layout_loops_ring, minmay_tree_intersection,
          nicolae_underground_beach, uniq_terence, uniq_jessica
D:3:      layout_rooms, serial_bayou, serial_bayou_pond_e, serial_bayou_pond_a,
          serial_bayou_pond_a, serial_bayou_pond_e, serial_bayou_shore_a,
          first_ration, uniq_sigmund, uniq_crazy_yiuf_cottage

Skill      XL: |  1  2  3  4 |
---------------+-------------+-----
Long Blades    | 2 |  2.9
Fighting       | 4 |  4.1
Armour         | 4 |  4.3
Dodging        | |  0.1
Stealth        | |  0.1
Shields        | |  3.9

Action                   |  1- 3 |  4- 6 || total
-------------------------+-------+-------++-------
Melee: Long sword        |    95 |    70 ||   165
  Use: Potion            |       |     4 ||     4
  Eat: Ration            |       |     2 ||     2
Armor: Scale mail        |    49 |    45 ||    94
Dodge: Dodged            |    31 |    20 ||    51
Block: Shield            |    41 |    35 ||    76
       Rpst.: Long sword |    10 |     3 ||    13
